 Dungeon Crawl Stone Soup version 0.28-a0-384-g9e0c098162 (webtiles) character file.

Game seed: 16913889690117341443

101 sizableburger the Shooter (level 4, -13/37 HPs)
             Began as a Palentonga Hunter on Sept 2, 2021.
             Killed from afar by an orc (22 damage)
             ... with an iceblast
             ... on level 3 of the Dungeon.
             The game lasted 00:05:17 (2730 turns).

sizableburger the Shooter (Palentonga Hunter)       Turns: 2730, Time: 00:05:17

Health: -13/37     AC:  5    Str: 16    XL:     4   Next: 48%
Magic:  4/4        EV:  9    Int: 12    God:
Gold:   83         SH:  0    Dex: 10    Spells: 3/3 levels left

rFire   . . .      SeeInvis +   f - +0 hand axe
rCold   . . .      Faith    .   (no shield)
rNeg    . . .      Spirit   .   c - +0 leather armour
rPois   +          Reflect  .   i - +0 helmet
rElec   .          Harm     .   (no cloak)
rCorr   .          Rampage  .   (no gloves)
Will    .....                   (no barding)
Stlth   +.........              (no amulet)
HPRegen 0.12/turn               (no ring)
MPRegen 0.09/turn               (no ring)

@: no status effects
A: large, rugged brown scales 3, see invisible, deformed body, roll 2, armoured
tail, poison resistance, sturdy frame 1
a: Rolling Charge


You were on level 3 of the Dungeon.
You visited 1 branch of the dungeon, and saw 3 of its levels.

You collected 83 gold pieces.

Inventory:

Hand Weapons
 a - a +1 shortbow
 f - a +0 hand axe (weapon)
Missiles
 d - 41 arrows
Armour
 c - a +0 leather armour (worn)
 i - a +0 helmet (worn)
Scrolls
 b - a scroll of identify
 e - 3 scrolls of torment {unknown}
 h - a scroll of silence {unknown}
 j - a scroll of blinking {unknown}
Potions
 g - a potion of ambrosia {unknown}


   Skills:
 + Level 3.1 Fighting
 + Level 2.0 Axes
 + Level 3.9 Bows
 - Level 1.8 Dodging
 - Level 0.5 Stealth


You had 3 spell levels left.
You didn't know any spells.
Your spell library was empty.

Dungeon Overview and Level Annotations

Branches:
Dungeon (3/15)

Altars:


Innate Abilities, Weirdness & Mutations

You are completely covered in rugged brown scales. (AC +3, +7% HP)
You have supernaturally acute eyesight. (SInv)
Armour fits poorly on your strangely shaped body.
You can roll at foes to attack.
You have a long armoured tail.
Your system is resistant to poisons. (rPois)
Your movements are slightly less encumbered by armour. (ER -2)


Message History

Press: ? - help, Q - select action, (/) - cycle Shift-Dir - straight line, f/p - orc
Aim: an orc, wielding a +0 flail and wearing a +0 ring mail (63% to hit)
You shoot an arrow. The arrow hits the orc.
The orc is heavily wounded.
Unknown command.
You are already wielding that!
Really attack while wielding your +1 shortbow? [Y]es or [N]o only, please.
Really attack while wielding your +1 shortbow? [Y]es or [N]o only, please.
Really attack while wielding your +1 shortbow? [Y]es or [N]o only, please.
Really attack while wielding your +1 shortbow?
Okay, then.
Unknown command.
You are already wielding that!
Unknown command.
f - a +0 hand axe (weapon)
You completely miss the orc.
You tail-slap the orc, but do no damage.
The orc is heavily wounded.
The orc hits you with a +0 flail!
* * * LOW HITPOINT WARNING * * *
You barely miss the orc.
The orc is heavily wounded.
The orc barely misses you. x2
You hit the orc but do no damage.
The orc is heavily wounded.
An orc comes into view.
It is wielding a +0 club and carrying a wand of iceblast (5).
The orc hits you with a +0 flail.
* * * LOW HITPOINT WARNING * * *
An orc comes into view. It is wielding a +0 short sword.
You see here a rat corpse.
Things that are here:
an arrow; a ball python corpse The orc zaps a wand.
The mass of ice explodes!
The iceblast engulfs the orc!
The orc dies!
The iceblast engulfs you!!
Ouch! That really hurt!
You die...

.........# # .........# .#
.........##.# ......^....$
..#.......# ... #.......###
...# .##......###
#..##.##.#).#...#
#....##...†.@).##
#..###..##.#)†.####
#####..#.....#.#.†..o.#####
##.........[#.#.###.##.....#
............#.#.# #..o(....#
#......[......#. ####..o..#
##............... #(...
#<.<........#..# ...
###########..#.# #


You could see 2 orcs.

Vanquished Creatures
  An orc wizard (D:3)
  3 adders (D:2)
  2 dart slugs
  3 orcs (D:3)
  5 ball pythons
  A bat (D:1)
  3 endoplasms
  3 giant cockroaches
  3 hobgoblins
  3 jackals (D:2)
  2 quokkas
  A frilled lizard (D:1)
  2 goblins
  4 kobolds
  6 rats
42 creatures vanquished.

Vanquished Creatures (others)
  An orc (D:3)
1 creature vanquished.

Grand Total: 43 creatures vanquished

Notes
Turn   | Place    | Note
-------+----------+-------------------------------------------
     0 | D:1      | sizableburger the Palentonga Hunter began the quest for the
                  | Orb.
     0 | D:1      | Reached XP level 1. HP: 17/17 MP: 1/1
   295 | D:1      | Reached XP level 2. HP: 23/23 MP: 2/2
  1215 | D:2      | Reached skill level 1 in Axes
  1215 | D:2      | Reached XP level 3. HP: 23/28 MP: 3/3
  1690 | D:2      | Gained mutation: You can roll at foes to attack. [potion of
                  | mutation]
  1690 | D:2      | Gained mutation: Your system is resistant to poisons.
                  | (rPois) [potion of mutation]
  1690 | D:2      | Gained mutation: Your movements are slightly less
                  | encumbered by armour. (ER -2) [potion of mutation]
  2677 | D:3      | Reached XP level 4. HP: 32/36 MP: 4/4
  2730 | D:3      | Killed from afar by an orc

Illustrated notes

Levels and vault maps discovered:
D:1:      nagdon_arrival_zigzag_paths, layout_basic, minmay_tromino_v4_b
D:2:      minmay_skewed_foursquare, layout_loops_corners, chequers_avenue,
          solitary_fountain, minmay_misc_feat_room
D:3:      layout_rooms, nrook_uturn

Skill      XL: |  1  2  3  4 |
---------------+-------------+-----
Axes           | 1 2 |  2.0
Fighting       | 3 |  3.1
Bows           | |  3.9
Dodging        | |  1.8
Stealth        | |  0.5

Action                   |  1- 3 |  4- 6 || total
-------------------------+-------+-------++-------
Melee: Hand axe          |   100 |    25 ||   125
       Tailslap          |     5 |     3 ||     8
 Fire: Shortbow          |    26 |     4 ||    30
 Abil: Rolling Charge    |     5 |     1 ||     6
  Use: Scroll            |     2 |       ||     2
       Potion            |     1 |       ||     1
 Stab: Sleeping          |     2 |       ||     2
Armor: Leather armour    |    61 |     5 ||    66
Dodge: Dodged            |    63 |    16 ||    79

Table legend: (Time is in decaauts)
 A = Elapsed time spent in this place.
 B = Non-inter-level travel time spent in this place.
 C = Inter-level travel time spent in this place.
 D = Time resting spent in this place.
 E = Time spent auto-exploring this place.
 F = Levels seen in this place.
 G = Mean time per level.
                   A        B        C        D        E       F      G
               +--------+--------+--------+--------+--------+-----+--------+
         Total |   2755 |   2654 |    101 |    571 |   1636 |   3 |  918.3 |
       Dungeon |   2755 |   2654 |    101 |    571 |   1636 |   3 |  918.3 |
               +--------+--------+--------+--------+--------+-----+--------+

Top non-repeatable levels by time:
     D:2: 1614 daAuts
     D:1: 1019 daAuts
     D:3: 121 daAuts
